 Dungeon Sprint DCSS version 0.30.1-11-g7821555f0a (webtiles) character file.

Game seed: 9443885823392242951

134 Heoruswealwe the Spear-Bearer (level 4, -7/45 HPs)
             Began as a Minotaur Fighter on Nov 3, 2023.
             Was an Initiate of Gozag.
             Engulfed by a cloud of steam (8 damage)
             ... in the Dungeon (Sprint IX: "|||||||||||||||||||||||||||||").
             The game lasted 00:01:11 (94 turns).

Heoruswealwe the Spear-Bearer (Minotaur Fighter)      Turns: 94, Time: 00:01:12

Health: -7/45      AC:  7    Str: 22    XL:     4   Next: 95%
Magic:  3/3        EV:  9    Int:  5    God:    Gozag
Gold:   288        SH:  4    Dex: 10    Spells: 3/3 levels left

rFire   . . .        a - +0 trident
rCold   . . .        d - +0 buckler
rNeg    . . .        c - +0 scale mail
rPois   .            (helmet restricted)
rElec   .            (no cloak)
rCorr   .            (no gloves)
SInv    .            (no boots)
Will    .....        (no amulet) Stlth
                     (no ring)
HPRegen 0.27/turn    (no ring)
MPRegen 0.08/turn

%: no teleportation
@: gold aura
A: horns 2, retaliatory headbutt
a: Renounce Religion, Potion Petition, Call Merchant, Bribe Branch


You were in the Dungeon.
You worshipped Gozag.
Gozag was aware of your devotion.
You visited 1 branch You collected 288 gold pieces.

Inventory:

Hand Weapons
 a - a +0 trident (weapon)
Armour
 c - a +0 scale mail (worn)
 d - a +0 buckler (worn)
Jewellery
 k - a +3 ring of intelligence
 l - a +2 ring of evasion
Wands
 j - a wand of light (10)
Scrolls
 h - a scroll of blinking
Potions
 b - a potion of might
 e - 5 potions of curing
 f - 3 potions of heal wounds
 g - a potion of haste
 i - a potion of berserk rage


   Skills:
 + Level 6.9 Fighting
 * Level 8.7 Polearms
 + Level 6.9 Armour
 - Level 3.6 Shields


You had 3 spell levels left.
You didn't know any spells.
Your spell library was empty.

Dungeon Overview and Level Annotations

Branches:
Dungeon (1/1)

Altars:
Cheibriados
Dithmenos
Elyvilon
Fedhas
Gozag
Hepliaklqana
Kikubaaqudgha
Makhleb
Nemelex Xobeh
Okawaru
Qazlal
Ru
Sif Muna
Trog
Uskayaw
Vehumet
Wu Jian
Xom
Yredelemnul
Zin
The Shining One
Jiyva
Lugonu


Innate Abilities, Weirdness & Mutations

You have a pair of horns on your head.
You reflexively headbutt those who attack you in melee.


Message History

You closely miss the steam dragon. The steam dragon bites you!
The steam dragon barely misses you.
You hit the steam dragon but do no damage.
The steam dragon bites you. The steam dragon closely misses you.
You hit the steam dragon but do no damage.
Your headbutt misses the steam dragon. The steam dragon bites you!
The steam dragon closely misses you.
You closely miss the steam dragon. The steam dragon bites you.
The steam dragon completely misses you.
You barely miss the steam dragon. The steam dragon completely misses you.
You furiously retaliate!
You headbutt the steam dragon.
The steam dragon claws you but does no damage.
You barely miss the steam dragon.
The steam dragon is moderately wounded.
The steam dragon bites you but does no damage.
The steam dragon claws you.
You barely miss the steam dragon.
The steam dragon is moderately wounded.
You block the steam dragon's attack.
The steam dragon claws you but does no damage.
You completely miss the steam dragon. Your headbutt misses the steam dragon.
The steam dragon is moderately wounded.
The steam dragon breathes steam at you. The ball of steam hits you!
* * * LOW HITPOINT WARNING * * *
You hit the steam dragon but do no damage.
Your headbutt misses the steam dragon.
The steam dragon is moderately wounded.
You are engulfed in a cloud of scalding steam.
You puncture the steam dragon! You headbutt the steam dragon!
The steam dragon is severely wounded.
You are engulfed in a cloud of scalding steam.
The steam dragon completely misses you. You furiously retaliate!
You headbutt the steam dragon!
The steam dragon claws you but does no damage.
You puncture the steam dragon!
You kill the steam dragon!
You are engulfed in a cloud of scalding steam.
You die...
Your body crumbles into a pile of gold. $$$$$ $ $ $ $$$$$ $$$$$$ $ $ ▓▓▓▓▓▓▓▓▓▓▓▓▓▓▓▓▓▓▓▓▓▓▓▓ .oyYY{$@.§§[.)?!'_______ ▓▓▓▓▓▓▓▓▓▓▓▓▓▓▓▓▓▓▓▓▓▓▓▓

You could see 2 yaks, an orc warrior and a killer bee.

Vanquished Creatures
  A steam dragon (D)
  A scorpion (D)
  A jelly (D)
  An iguana (D)
  An adder (D)
  An ufetubus (D)
  A bat (D)
  An endoplasm (D)
  A kobold (D)
  A quokka (D)
  A rat (D)
11 creatures vanquished.

Notes
Turn   | Place    | Note
-------+----------+-------------------------------------------
     0 | D        | Heoruswealwe the Minotaur Fighter began the quest for the
                  | Orb.
     0 | D        | Reached XP level 1. HP: 19/19 MP: 0/0
     8 | D        | Reached skill level 3 in Polearms
    20 | D        | Noticed a scorpion
    20 | D        | Noticed an iguana
    20 | D        | Noticed a jelly
    23 | D        | Found a snail-covered altar of Cheibriados.
    23 | D        | Found a shadowy altar of Dithmenos.
    23 | D        | Found a white marble altar of Elyvilon.
    23 | D        | Found a blossoming altar of Fedhas.
    23 | D        | Found an opulent altar of Gozag.
    24 | D        | Found a hazy altar of Hepliaklqana.
    25 | D        | Found a viscous altar of Jiyva.
    26 | D        | Found an ancient bone altar of Kikubaaqudgha.
    27 | D        | Found a corrupted altar of Lugonu.
    28 | D        | Found a burning altar of Makhleb.
    29 | D        | Found a sparkling altar of Nemelex Xobeh.
    30 | D        | Found an iron altar of Okawaru.
    31 | D        | Became a worshipper of Gozag Ym Sagoz the Greedy
    35 | D        | Killed a scorpion
    36 | D        | Reached skill level 5 in Fighting
    36 | D        | Reached skill level 6 in Polearms
    36 | D        | Reached skill level 5 in Armour
    36 | D        | Reached XP level 2. HP: 23/30 MP: 1/1
    36 | D        | Reached XP level 3. HP: 29/37 MP: 2/2
    38 | D        | Reached skill level 7 in Polearms
    38 | D        | Reached XP level 4. HP: 35/44 MP: 3/3
    44 | D        | Reached skill level 8 in Polearms
    49 | D        | Found a stormy altar of Qazlal.
    50 | D        | Found a sacrificial altar of Ru.
    51 | D        | Found a shimmering blue altar of Sif Muna.
    52 | D        | Found a bloodstained altar of Trog.
    53 | D        | Found a hide-covered altar of Uskayaw.
    54 | D        | Found a radiant altar of Vehumet.
    55 | D        | Found an ornate altar of the Wu Jian Council.
    56 | D        | Found a shimmering altar of Xom.
    57 | D        | Found a basalt altar of Yredelemnul.
    58 | D        | Found a glowing silver altar of Zin.
    59 | D        | Found a glowing golden altar of the Shining One.
    83 | D        | Noticed an orc warrior
    83 | D        | Noticed a yak
    83 | D        | Noticed a yak
    83 | D        | Noticed a steam dragon
    91 | D        | HP: 1/45 [steam dragon/ball of steam (15)]
    94 | D        | Killed a steam dragon
    94 | D        | Engulfed by a cloud of steam

Illustrated notes

Levels and vault maps discovered:
D:        linesprint [early_d, line_temple, items_1, d_10, items_2, lair_1,
          lair_end, items_3, orc_1, orc_end, items_4, d_15, swamp_1, shoals_1,
          snake_1, spider_1, d_20, vaults_1, items_5, swamp_end, shoals_end,
          snake_end, spider_end, vaults_end, d_27, items_6, zot_1, zot_end,
          crypt_end, forest_end, elf_end, slime_end, tomb_end, abyss_end,
          pan_hell_end]

Skill      XL: |  1  2  3  4 |
---------------+-------------+-----
Polearms       | 6 7 8 |  8.7
Fighting       | 5 6 |  6.9
Armour         | 5 6 |  6.9
Shields        | |  3.6

Action                     |  1- 3 |  4- 6 || total
---------------------------+-------+-------++-------
  Melee: Trident           |    15 |    19 ||    34
         Headbutt          |     1 |     1 ||     2
    Use: Scroll            |     1 |       ||     1
 Armour: Scale mail        |     8 |     6 ||    14
  Dodge: Dodged            |     7 |     7 ||    14
  Block: Buckler           |     5 |     2 ||     7
